 Dungeon Crawl Stone Soup version 0.19.0-11-g3fc08b3 (webtiles) character file.

84 dobroeutro the Chopper (level 4, -1/58 HPs)
             Began as a Minotaur Berserker on Nov 8, 2016.
             Was a Follower of Trog.
             Slain by Crazy Yiuf
             ... wielding a +2 quarterstaff of chaos
              (3 damage)
             ... on level 2 of the Dungeon.
             The game lasted 00:01:30 (1471 turns).

dobroeutro the Chopper (Minotaur Berserker)         Turns: 1471, Time: 00:01:31

Health: -1/58      AC:  6    Str: 33    XL:     4   Next: 23%
Magic:  0/3        EV: 11    Int:  4    God:    Trog [*.....]
Gold:   104        SH:  0    Dex:  9    Spells: 0 memorised, 3 levels left

rFire  . . .     SeeInvis .     a - +0 hand axe
rCold  + . .     Gourm    .     p - +0 scale mail
rNeg   . . .     Faith    .     (no shield)
rPois  .         Spirit   .     (helmet restricted)
rElec  .         Reflect  .     (no cloak)
rCorr  .         Harm     .     (no gloves)
MR     .....                    (no boots)
Stlth  ..........               (no amulet)
                                o - ring of protection from cold
                                d - +5 ring of strength

@: berserking, very quick
A: retaliatory headbutt, horns 2
a: Berserk, Burn Spellbooks, Renounce Religion


You were on level 2 of the Dungeon.
You worshipped Trog.
Trog was aware of your devotion.
You were very hungry.

You visited 1 branch of the dungeon, and saw 2 of its levels.

You collected 104 gold pieces.

Inventory:

Hand Weapons
 a - a +0 hand axe (weapon)
Armour
 p - a +0 scale mail (worn)
Jewellery
 d - a +5 ring of strength (left hand)
 o - a ring of protection from cold (right hand)
Scrolls
 e - 2 scrolls of enchant weapon {unknown}
 l - a scroll of blinking {unknown}
 m - a scroll of identify {unknown}
Potions
 h - a potion of curing {unknown}
 i - 3 potions of resistance {unknown}
 j - 2 potions of degeneration {unknown}
 n - a potion of beneficial mutation {unknown}
Comestibles
 c - a bread ration
 f - 5 meat rations
 g - a beef jerky


   Skills:
 - Level 3.6 Fighting
 + Level 6.1 Axes
 - Level 2.4 Armour
 - Level 2.1 Dodging


You had 3 spell levels left.
You didn't know any spells.

Dungeon Overview and Level Annotations

Branches:
Dungeon (2/15)

Altars:
Xom

Annotations:
D:2 Crazy Yiuf


Innate Abilities, Weirdness & Mutations

You reflexively headbutt those who attack you in melee.
You have a pair of horns on your head.


Message History

Crazy Yiuf hits you with a quarterstaff of chaos!
* * * LOW HITPOINT WARNING * * *
You feel your power leaking away.
A red film seems to cover your vision as you go berserk!
You feel yourself moving faster!
You feel mighty!
You are feeling very hungry.
Crazy Yiuf hits you with a quarterstaff of chaos!
* * * LOW HITPOINT WARNING * * *
You closely miss Crazy Yiuf.
Crazy Yiuf is lightly wounded.
You barely miss Crazy Yiuf. Your headbutt misses Crazy Yiuf.
Crazy Yiuf is lightly wounded.
Crazy Yiuf hits you with a quarterstaff of chaos.
* * * LOW HITPOINT WARNING * * *
Crazy Yiuf burns you.
* * * LOW HITPOINT WARNING * * *
You closely miss Crazy Yiuf.
Crazy Yiuf is lightly wounded.
Crazy Yiuf hits you with a quarterstaff of chaos.
You die...

#.#####........##.#
#.#..(..##
#........########.#
#.#.#.#..#
#######)## ###
#.#.#.#... ###.#
#.#.#.###. #...#
##### #.#.#.###.
#.### #)..#
#....>.... #.#
#...# ###.#.####
#.# #.g.# #.#.# #.#
#@# #.#.#### #.#
#.## #.#....> ##
#.# ##.# #.######
.# #.# #.## #.# .#
#.# ##.# #.# .# #.#
##.## #.# .# #.#
##.#.# #.# ####
.#######.# #....#
#.# #... ..<....#.#
##..## ##.###.##


You could see Crazy Yiuf.

Vanquished Creatures
  4 gnolls (D:2)
  An adder (D:2)
  A worm (D:2)
  2 leopard geckos
  An orc (D:2)
  A ball python (D:2)
  4 goblins
  4 hobgoblins
  4 bats
  3 frilled lizards
  6 kobolds
  2 rats
33 creatures vanquished.

Notes
Turn   | Place    | Note
-------+----------+-------------------------------------------
     0 | D:1      | dobroeutro the Minotaur Berserker began the quest for the Orb.
     0 | D:1      | Reached XP level 1. HP: 19/19 MP: 0/0
    63 | D:1      | Reached skill level 4 in Axes
   156 | D:1      | Reached XP level 2. HP: 18/26 MP: 1/1
   743 | D:2      | Reached skill level 5 in Axes
   763 | D:2      | Reached XP level 3. HP: 28/31 MP: 2/2
   776 | D:2      | Reached XP level 4. HP: 12/39 MP: 3/3
   959 | D:2      | Reached skill level 6 in Axes
  1134 | D:2      | Found a runed door.
  1283 | D:2      | Found a shimmering altar of Xom.
  1462 | D:2      | Noticed Crazy Yiuf
  1470 | D:2      | HP: 2/58 [Crazy Yiuf/quarterstaff of chaos (1)]
  1471 | D:2      | Slain by Crazy Yiuf

Skill      XL: |  1  2  3  4 |
---------------+-------------+-----
Axes           | 4 5 6 |  6.1
Fighting       | |  3.6
Armour         | |  2.4
Dodging        | |  2.1

Action                   |  1- 3 |  4- 6 || total
-------------------------+-------+-------++-------
Melee: Hand axe          |    54 |    29 ||    83
       Headbutt          |     7 |     5 ||    12
Invok: Berserk           |     1 |     1 ||     2
  Eat: Chunk             |       |     2 ||     2
Armor: Animal skin       |     5 |     7 ||    12
       Scale mail        |       |     1 ||     1
Dodge: Dodged            |    39 |     4 ||    43
